 Dungeon Crawl Stone Soup version 0.28.0 (webtiles) character file.

Game seed: 5151226131550193565

4038 zkyp the Cleaver (level 10, -4/85 (97) HPs)
             Began as a Naga Berserker on Feb 9, 2022.
             Was a Believer of Trog.
             Slain by a vampire (13 damage)
             ... in a bailey.
             The game lasted 00:08:22 (10749 turns).

zkyp the Cleaver (Naga Berserker)                  Turns: 10749, Time: 00:08:23

HP:   -4/85 (97)    AC:  7    Str: 24    XL:     10   Next: 24%
MP:   10/10         EV:  7    Int:  7    God:    Trog [**....]
Gold: 78            SH: 14    Dex: 11    Spells: 9/9 levels left

rFire   + . .      SeeInvis +   C - +0 whip (elec)
rCold   + . .      Faith    .   E - +0 tower shield {rC+}
rNeg    . . .      Spirit   .   s - +2 leather armour {rF+}
rPois   +          Reflect  .   (no helmet)
rElec   .          Harm     .   (no cloak)
rCorr   .          Rampage  .   (no gloves)
Will    +....                   (no barding)
Stlth   +.........              (no amulet)
HPRegen 0.24/turn               (no ring)
MPRegen 0.12/turn               (no ring)

@: about to teleport, on berserk cooldown, hasted and slowed, heavily drained,
very slow
A: AC +3, large, see invisible, deformed body, poison resistance, slowness 2,
spit poison 1, naga tail 1
a: Spit Poison, Renounce Religion, Berserk, Trog's Hand


You were in a bailey.
You worshipped Trog.
Trog was pleased with you.
You visited 1 branch of the dungeon, and saw 8 of its levels.
You also visited: Bailey.

You collected 311 gold pieces.
You spent 233 gold pieces at shops.

Inventory:

Hand Weapons
 a - a +0 hand axe
 C - a +0 whip of electrocution (weapon)
 F - a +1 vorpal battleaxe
Armour
 b - a +0 animal skin
 f - a +0 ring mail
 m - a +0 kite shield
 s - a +2 leather armour of fire resistance (worn)
 E - a +0 tower shield of cold resistance (worn)
Wands
 q - a wand of flame (13)
 u - a wand of mindburst (17)
 v - a wand of polymorph (7)
 A - a wand of charming (9)
Scrolls
 c - 3 scrolls of teleportation
 d - a scroll of noise
 j - a scroll of amnesia {unknown}
 o - a scroll of magic mapping {unknown}
 p - 2 scrolls of fog {unknown}
 t - 2 scrolls of holy word {unknown}
 x - a scroll of blinking {unknown}
 y - 2 scrolls of enchant armour {unknown}
 B - a scroll of immolation {unknown}
 D - a scroll of summoning
 G - a scroll of silence {unknown}
Potions
 e - 5 potions of resistance
 i - 7 potions of curing {@q1}
 k - a potion of haste
 l - a potion of ambrosia {unknown}
 n - a potion of invisibility {unknown}
 r - a potion of lignification
 w - 2 potions of flight {unknown}
 z - 2 potions of mutation {!q}


   Skills:
 - Level 8.3 Fighting
 - Level 8.3 Axes
 + Level 2.0 Armour
 + Level 2.0 Dodging
 - Level 7.7 Shields


You had 9 spell levels left.
You didn't know any spells.
Your spell library was empty.

Dungeon Overview and Level Annotations

Branches:
Dungeon (8/15)             Temple (0/1) D:7          Bailey (1/1)
   Lair: D:8-11

Altars:
Elyvilon
Nemelex Xobeh
Vehumet
Xom

Shops:
D:6 ?[(**   D:7 (   D:8 (


Innate Abilities, Weirdness & Mutations

Your serpentine skin is tough. (AC +3)
You have supernaturally acute eyesight. (SInv)
Armour fits poorly on your strangely shaped body.
Your system is resistant to poisons. (rPois)
You cover ground very slowly.
You can spit poison.
You have a snake-like lower body.


Message History

You hit the vampire but do no damage.
The vampire is severely damaged.
You are no longer berserk.
You are exhausted.
You feel yourself slow down.
You barely miss the vampire.
The vampire is severely damaged.
The vampire closely misses you. You block the vampire's attack.
The vampire barely misses you.
The vampire bites you but does no damage.
Press: ? - help, v - describe, . - travel
Here: a vampire, wielding a +0 vampiric halberd and wearing a +0 chain mail (severely damaged, slightly transparent)
The floor, spattered with blood.
Unknown command.
You feel yourself speed up. The vampire draws life force from you!
* * * LOW HITPOINT WARNING * * *
The vampire is healed by the life force!
Okay, then.
Unknown command.
Okay, then.
You feel much better. The vampire draws life force from you!
* * * LOW HITPOINT WARNING * * *
The vampire is healed by the life force!
Okay, then.
You hit the vampire but do no damage.
The vampire is lightly damaged.
The vampire hits you with a +0 vampiric halberd!
* * * LOW HITPOINT WARNING * * *
The vampire draws strength from your wounds!
The vampire barely misses you. You block the vampire's attack.
The vampire bites you.
* * * LOW HITPOINT WARNING * * *
The vampire draws strength from your injuries!
You hit the vampire.
The vampire is lightly damaged.
You block the vampire's attack. The vampire closely misses you.
As you read the scroll of teleportation, it crumbles to dust.
You feel strangely unstable.
The vampire hits you with a +0 vampiric halberd!
You die...

#.......####....+
#......##..##...+
#########....#...#
#8..........))...#
#...).....#......#
###++##...##....8#
##....##...#######
#......##.......8#
#...##.@.#8......8#
#..# ##V.##########
#.. #..# #8 ...# ##
|[## [8## ##


You could see a vampire (invisible).

Vanquished Creatures
  2 two-headed ogres
  Pikel (D:6)
  A troll (D:5)
  A steam dragon (D:7)
  Menkaure (D:4)
  A water moccasin (D:6)
  A sky beast (D:3)
  4 black bears
  2 centaurs
  An ogre (D:6)
  2 necrophages
  A lemure (D:6)
  A phantom (D:7)
  A kobold brigand (D:5)
  A scorpion (D:5)
  A water moccasin zombie (D:5)
  A water moccasin skeleton (D:6)
  7 wights
  A wolf zombie (Bailey)
  A jelly (D:6)
  A hound (D:6)
  A centaur skeleton (D:4)
  A bullfrog skeleton (D:6)
  An iguana (D:6)
  An orc wizard (D:7)
  2 hound zombies (D:5)
  A howler monkey skeleton (D:7)
  3 adders
  5 gnolls
  A white imp (D:7)
  An adder skeleton (D:4)
  2 worms
  2 dart slugs
  14 orcs
  8 ball pythons
  10 bats
  8 endoplasms
  4 giant cockroaches
  7 hobgoblins
  2 jackals (D:4)
  5 kobolds
  3 quokkas
  6 frilled lizards
  9 goblins
  7 orc zombies (Bailey)
137 creatures vanquished.

Vanquished Creatures (others)
  A quokka (D:4)
  A plant (D:1)
2 creatures vanquished.

Grand Total: 139 creatures vanquished

Notes
Turn   | Place    | Note
-------+----------+-------------------------------------------
     0 | D:1      | zkyp the Naga Berserker began the quest for the Orb.
     0 | D:1      | Reached XP level 1. HP: 21/21 MP: 1/1
   579 | D:1      | Reached XP level 2. HP: 28/28 MP: 2/2
  1076 | D:1      | Found a faded altar of an unknown god.
  1624 | D:2      | Reached XP level 3. HP: 29/34 MP: 3/3
  2724 | D:3      | Reached ** piety under Trog
  2853 | D:3      | Noticed a sky beast
  2859 | D:3      | Killed a sky beast
  2860 | D:3      | Reached XP level 4. HP: 24/45 MP: 4/4
  2860 | D:3      | Reached XP level 5. HP: 28/51 MP: 5/5
  4072 | D:4      | Noticed a black bear
  4085 | D:4      | Killed a black bear
  4086 | D:4      | Reached skill level 5 in Fighting
  4086 | D:4      | Reached skill level 5 in Axes
  4086 | D:4      | Reached XP level 6. HP: 50/61 MP: 6/6
  4341 | D:4      | Noticed Menkaure
  4347 | D:4      | Killed Menkaure
  4480 | D:4      | Found a white marble altar of Elyvilon.
  4502 | D:4      | Reached XP level 7. HP: 57/68 MP: 7/7
  5066 | D:5      | Entered Level 5 of the Dungeon
  5207 | D:5      | Found a shimmering altar of Xom.
  5510 | D:5      | Found a radiant altar of Vehumet.
  5898 | D:5      | Noticed a troll
  5898 | D:5      | Noticed a two-headed ogre
  5925 | D:5      | Killed a troll
  5926 | D:5      | Reached XP level 8. HP: 80/80 MP: 8/8
  6196 | D:5      | Killed a two-headed ogre
  6435 | D:6      | Found Ligunule's Armour Shoppe.
  6575 | D:6      | Reached skill level 1 in Shields
  6575 | D:6      | Reached XP level 9. HP: 86/90 MP: 9/9
  6621 | D:6      | Found Osuaxzush's Assorted Antiques.
  6667 | D:6      | Bought a scroll labelled HUXZOIPSUN for 25 gold pieces
  6667 | D:6      | Bought a scroll labelled RIEBUEGHEB for 25 gold pieces
  6667 | D:6      | Bought a scroll labelled ZUIFIDD FAONOR for 25 gold pieces
  6667 | D:6      | Bought a scroll labelled TOUDIUGUSOR for 25 gold pieces
  7009 | D:6      | Found a sparkling altar of Nemelex Xobeh.
  7409 | D:6      | Noticed Pikel
  7426 | D:6      | Killed Pikel
  7646 | D:6      | Reached skill level 5 in Shields
  7656 | D:6      | Found Radimoisiam's Antique Weapon Shop.
  7943 | D:6      | Found Nimp's General Store.
  7951 | D:6      | Bought a scroll of summoning for 133 gold pieces
  8301 | D:6      | Found Omat's Magic Scroll Shop.
  8716 | D:7      | Found Pope's Weapon Shop.
  8977 | D:7      | Noticed a two-headed ogre
  8984 | D:7      | Killed a two-headed ogre
  8985 | D:7      | Reached XP level 10. HP: 97/97 MP: 10/10
  9801 | D:7      | Found a staircase to the Ecumenical Temple.
 10068 | D:8      | Found Xiad's Antique Weapon Shop.
 10124 | D:8      | Found a flagged portal.
 10240 | Bailey   | Entered a bailey
 10498 | Bailey   | Noticed a gargoyle
 10749 | Bailey   | Slain by a vampire

Illustrated notes

Levels and vault maps discovered:
D:1:      grunt_arrival_crossed_arrows, layout_loops_corners,
          shapermc_ecumenical_altar_acropolis, fountainhead
D:2:      layout_basic
D:3:      layout_basic, nicolae_overflow_hidden_temple, st_stairs_13,
          kennysheep_crisscross
D:4:      layout_basic, elyvilon_altar_4, uniq_menkaure
D:5:      layout_rooms, mainiacjoe_overflow_concentric_impassable,
          nicolae_vehumet_altar_sigil
D:6:      layout_layer_cave, mainiacjoe_overflow_brackets, serial_shops,
          nicolae_shop_trees, kennysheep_mini_moat, shop, shop,
          nicolae_lakefront_shop, uniq_pikel
D:7:      layout_gridville, minmay_temple_entry_purple_smoke, serial_shops,
          nicolae_inconvenience_store
D:8:      layout_rooms, lemuel_round_altar, lair_entry_dummy,
          lightli_bailey_entry_fortress, serial_shops, nicolae_shop_trees,
          uniq_maurice, uniq_erica
Bailey:   bailey_polearm_vampire_castle_hellmonk, bailey

Skill      XL: |  1  2  3  4  5  6  7  8  9 10 |
---------------+-------------------------------+-----
Axes           | 4 5 7 8 |  8.3
Fighting       | 4 5 7 8 |  8.3
Shields        | 1 7 |  7.7
Armour         | 2 |  2.0
Dodging        | 2 |  2.0

Action                   |  1- 3 |  4- 6 |  7- 9 | 10-12 || total
-------------------------+-------+-------+-------+-------++-------
Melee: Hand axe          |   116 |    89 |   217 |       ||   422
       Whip              |       |       |    45 |   127 ||   172
Invok: Berserk           |     3 |     2 |    12 |     6 ||    23
 Abil: Spit Poison       |       |       |     1 |       ||     1
  Use: Scroll            |     1 |     2 |     3 |     5 ||    11
       Potion            |       |       |       |     5 ||     5
 Stab: Distracted        |       |     1 |       |       ||     1
Armor: Ring mail         |    40 |    16 |       |       ||    56
       Animal skin       |     1 |       |       |       ||     1
       Leather armour    |       |    18 |    98 |    30 ||   146
Dodge: Dodged            |    59 |    39 |    85 |    36 ||   219
Block: Kite shield       |     1 |    26 |    96 |       ||   123
       Tower shield      |       |       |    34 |   152 ||   186
